 Dungeon Crawl Stone Soup version 0.20.0-3-g22ec75f (webtiles) character file.

8971 RaHiT the Destroyer (level 11, -12/78 HPs)
             Began as a Mummy Conjurer on May 26, 2017.
             Was a Priest of Vehumet.
             Mangled by a freezing wraith (14 damage)
             ... on level 10 of the Dungeon on May 27, 2017.
             The game lasted 01:03:22 (17366 turns).

RaHiT the Destroyer (Mummy Conjurer)               Turns: 17366, Time: 01:03:22

Health: -12/78     AC:  6    Str: 11    XL:     11   Next: 16%
Magic:  22/26      EV: 12    Int: 18    God:    Vehumet [***...]
Gold:   713        SH:  7    Dex: 13    Spells: 6/32 levels left

rFire    x . .     SeeInvis .   y - +0 dagger (drain)
rCold    + . .     Gourm    .   i - +2 buckler
rNeg     + + +     Faith    .   a - +0 robe
rPois    ∞         Spirit   .   (no helmet)
rElec    .         Reflect  .   j - +0 cloak
rCorr    .         Harm     .   (no gloves)
MR       +....                  f - +2 pair of boots
Stlth    ++........             (no amulet)
Regen    0.3/turn               (no ring)
MPRegen  0.2/turn               (no ring)

@: about to teleport, slowed, very slow
A: no food or potions, fire vulnerability, cold resistance 1, negative energy
resistance 3, torment resistance, unbreathing
a: Renounce Religion


You were on level 10 of the Dungeon.
You worshipped Vehumet.
Vehumet was most pleased with you.
You were not hungry.

You visited 3 branches of the dungeon, and saw 13 of its levels.

You collected 713 gold pieces.

Inventory:

Hand Weapons
 d - a +2 dagger of flaming
 r - a +2 dagger of venom
 s - a +2 hand axe of flaming
 v - a +3 dagger of freezing
 w - a +3 dagger
 y - a +0 dagger of draining (weapon)
Armour
 a - a +0 robe (worn)
 f - a +2 pair of boots (worn)
 i - a +2 buckler (worn)
 j - a +0 cloak (worn)
Jewellery
 e - an uncursed ring of ice
 u - an uncursed ring of ice
Wands
 l - a wand of random effects (4/48)
 t - a wand of random effects (34/48)
 x - a wand of lightning (7/15)
Scrolls
 c - 3 scrolls of enchant weapon
 g - 2 scrolls of teleportation
 h - 2 scrolls of amnesia
 k - 3 scrolls of remove curse
 m - 2 scrolls of blinking {unknown}
 n - 2 scrolls of immolation {unknown}
 o - 3 scrolls of magic mapping {unknown}
 p - 2 scrolls of fear {unknown}
 q - a scroll of brand weapon {unknown}
Books
 b - a book of Conjurations

   Spells                             Type                      Level
   a - Magic Dart                     Conjuration                  1
   b - Searing Ray                    Conjuration                  2
   c - Dazzling Spray                 Conjuration/Hexes            3
   d - Fulminant Prism                Conjuration/Hexes            4
   e - Force Lance                    Conjuration/Translocation    4
   f - Iskenderun's Mystic Blast      Conjuration                  4
 z - a book of Transfigurations

   Spells                             Type                      Level
   a - Irradiate                      Conjuration/Transmutation    5
   b - Statue Form                    Transmutation/Earth          6
   c - Hydra Form                     Transmutation                6
   d - Dragon Form                    Transmutation                7


   Skills:
 + Level 4.3 Fighting
 - Level 1.5 Dodging
 - Level 1.5 Stealth
 - Level 4.0 Shields
 - Level 11.0 Spellcasting
 - Level 11.0 Conjurations
 + Level 3.4 Evocations


You had 6 spell levels left.
You knew the following spells:

 Your Spells              Type           Power        Failure   Level  Hunger
a - Magic Dart            Conj           ####         1%          1    N/A
b - Iskenderun's Mystic   Conj           #####...     1%          4    N/A
c - Dazzling Spray        Conj/Hex       ####..       1%          3    N/A
d - Force Lance           Conj/Tloc      ####....     2%          4    N/A
e - Mephitic Cloud        Conj/Pois/Air  ###.....     1%          3    N/A
f - Fulminant Prism       Conj/Hex       ####......   2%          4    N/A
g - Irradiate             Conj/Tmut      ####......   5%          5    N/A
q - Searing Ray           Conj           #####.       1%          2    N/A

Dungeon Overview and Level Annotations

Branches:
Dungeon (10/15)            Temple (1/1) D:5             Orc (2/2) D:9
    Elf (0/3) Orc:2
   Lair: D:8-11

Altars:
Ashenzari
Cheibriados
Dithmenos
Elyvilon
Fedhas
Gozag
Hepliaklqana
Kikubaaqudgha
Makhleb
Nemelex Xobeh
Okawaru
Qazlal
Ru
Sif Muna
Trog
Uskayaw
Vehumet
Xom
Yredelemnul
Zin
The Shining One
Beogh


Innate Abilities, Weirdness & Mutations

You do not eat or drink.
Your flesh is vulnerable to fire.
You are immune to poison.
Your flesh is cold resistant. (rC+)
You are immune to negative energy. (rN+++)
You are immune to unholy pain and torment.
You can survive without breathing.


Message History

The bullfrog skeleton hits you.
* * * LOW HITPOINT WARNING * * *
The bullfrog skeleton hits you but does no damage.
The searing ray hits the bullfrog skeleton.
You destroy the bullfrog skeleton!
Vehumet accepts your kill.
You feel your power returning.
You finish channeling your searing ray.
A freezing wraith comes into view.
The freezing wraith hits you!
* * * LOW HITPOINT WARNING * * *
The freezing wraith freezes you! You resist.
* * * LOW HITPOINT WARNING * * *
The freezing wraith hits you.
* * * LOW HITPOINT WARNING * * *
The freezing wraith drains your vigour!
You feel as though you will be slow longer.
As you read the scroll of teleportation, it crumbles to dust.
You feel strangely unstable. The freezing wraith barely misses you.
The freezing wraith hits you!
You die...

.# #.# ..##. ##. .a#
#..# # .. ... ###.###
.##.. .##. #..
#..#..#...... ...##.#
#..#.##...# ##...# ##..#
##..##.# #....###..#.
###.## # ##.......#
#.W#..# #.#.#.#.#.#
#@###.#
######†#########.#####.
.......................#
##..##....)...........##
#. #................# #
#....<.............
......................
######################


You could see a freezing wraith.

Vanquished Creatures
  A two-headed ogre (D:9)
  Joseph (D:7)
  A troll (D:10)
  2 dream sheep (D:8)
  4 hippogriffs
  2 wyverns
  Sigmund (D:4)
  Eustachio (D:6)
  2 yaks (D:8)
  A wraith (D:10)
  4 vampire mosquitoes
  Menkaure (D:6)
  Edmund (D:4)
  A black bear (D:9)
  2 ice beasts
  4 orc warriors
  4 phantoms
  6 ogres
  3 centaurs
  3 big kobolds (D:8)
  7 bullfrogs
  A scorpion (D:9)
  A water moccasin skeleton (D:10)
  5 killer bees (D:9)
  4 wights (D:9)
  A howler monkey (D:5)
  3 crimson imps
  3 bullfrog zombies
  A quasit (D:9)
  A centaur skeleton (D:5)
  5 hounds
  A centaur zombie (D:8)
  2 jellies
  12 orc priests
  Jessica (D:3)
  3 bullfrog skeletons
  4 iguanas
  7 worker ants
  15 orc wizards
  4 gnolls
  12 adders
  3 shadow imps
  An ooze (D:3)
  6 worms
  2 dart slugs
  6 leopard geckos
  58 orcs
  3 ball pythons
  6 giant cockroaches
  5 hobgoblins
  6 jackals
  3 quokkas
  8 bats
  4 frilled lizards
  7 goblins
  2 jackal skeletons
  6 kobolds
  A leopard gecko skeleton (D:7)
  2 leopard gecko zombies (D:5)
  10 rats
277 creatures vanquished.

Vanquished Creatures (others)
  A plant (D:8)
1 creature vanquished.

Grand Total: 278 creatures vanquished

Notes
Turn   | Place    | Note
-------+----------+-------------------------------------------
     0 | D:1      | RaHiT the Mummy Conjurer began the quest for the Orb.
     0 | D:1      | Reached XP level 1. HP: 13/13 MP: 4/4
   234 | D:1      | Reached XP level 2. HP: 13/19 MP: 0/6
   238 | D:1      | Learned a level 2 spell: Searing Ray
   932 | D:2      | Reached XP level 3. HP: 24/24 MP: 8/8
  1292 | D:2      | Reached skill level 5 in Spellcasting
  1657 | D:2      | Reached XP level 4. HP: 23/30 MP: 8/11
  1762 | D:2      | Learned a level 4 spell: Iskenderun's Mystic Blast
  2215 | D:3      | Reached skill level 1 in Shields
  2317 | D:3      | Noticed Jessica
  2321 | D:3      | Killed Jessica
  2369 | D:3      | Reached XP level 5. HP: 30/35 MP: 8/12
  2720 | D:3      | Reached XP level 6. HP: 41/41 MP: 5/13
  3370 | D:3      | Reached skill level 5 in Conjurations
  3617 | D:4      | Noticed Sigmund
  3637 | D:4      | Killed Sigmund
  3637 | D:4      | Reached XP level 7. HP: 45/46 MP: 5/15
  3864 | D:4      | You fall through a shaft for 2 floors!
  3878 | D:6      | Noticed Eustachio
  3914 | D:6      | Killed Eustachio
  4054 | D:5      | Entered Level 5 of the Dungeon
  4678 | D:4      | Found a glowing silver altar of Zin.
  4678 | D:4      | Found an ancient bone altar of Kikubaaqudgha.
  4679 | D:4      | Found an iron altar of Okawaru.
  4914 | D:4      | Found a sparkling altar of Nemelex Xobeh.
  5001 | D:4      | Reached XP level 8. HP: 52/52 MP: 13/18
  5147 | D:4      | You fall through a shaft for 2 floors!
  5430 | D:5      | Found a staircase to the Ecumenical Temple.
  5439 | Temple   | Entered the Ecumenical Temple
  5676 | Temple   | Became a worshipper of Vehumet
  5785 | D:5      | Noticed Edmund
  5829 | D:4      | Killed Edmund
  6996 | D:5      | Found a hide-covered altar of Uskayaw.
  6997 | D:5      | Found a stormy altar of Qazlal.
  7406 | D:6      | Found a deep blue altar of Sif Muna.
  8039 | D:6      | Noticed Menkaure
  8042 | D:6      | Killed Menkaure
  8135 | D:6      | Reached XP level 9. HP: 57/57 MP: 15/19
  8267 | D:6      | Reached * piety under Vehumet
  8267 | D:6      | Offered knowledge of Freeze by Vehumet.
  9118 | D:7      | Noticed Joseph
 10504 | D:7      | Killed Joseph
 10667 | D:7      | Found a shimmering altar of Xom.
 10670 | D:7      | Found a shimmering altar of Xom.
 10671 | D:7      | Found a shimmering altar of Xom.
 10671 | D:7      | Found a shimmering altar of Xom.
 10672 | D:7      | Found a shimmering altar of Xom.
 10672 | D:7      | Found a shimmering altar of Xom.
 10673 | D:7      | Found a shimmering altar of Xom.
 10688 | D:7      | Reached skill level 10 in Conjurations
 11161 | D:7      | Learned a level 3 spell: Dazzling Spray
 11471 | D:8      | Reached ** piety under Vehumet
 11528 | D:8      | Reached XP level 10. HP: 63/63 MP: 18/20
 11574 | D:8      | Offered knowledge of Throw Frost by Vehumet.
 11617 | D:8      | Noticed a two-headed hydra
 13518 | D:9      | Found a staircase to the Orcish Mines.
 13532 | D:9      | Found a roughly hewn altar of Beogh.
 13997 | D:9      | Reached skill level 10 in Spellcasting
 14009 | D:9      | Noticed a two-headed ogre
 14520 | D:9      | Learned a level 4 spell: Force Lance
 14598 | D:9      | Offered knowledge of Mephitic Cloud by Vehumet.
 14603 | D:9      | Learned a level 3 spell: Mephitic Cloud
 15524 | D:9      | Killed a two-headed ogre
 16114 | D:10     | Entered Level 10 of the Dungeon
 16271 | D:10     | Reached XP level 11. HP: 75/75 MP: 15/26
 16503 | D:10     | Found a sparkling altar of Nemelex Xobeh.
 16516 | D:9      | Reached *** piety under Vehumet
 16701 | Orc:1    | Entered Level 1 of the Orcish Mines
 16930 | Orc:1    | Learned a level 4 spell: Fulminant Prism
 16936 | Orc:2    | Entered Level 2 of the Orcish Mines
 16966 | Orc:2    | Found a staircase to the Elven Halls.
 17014 | Orc:2    | Noticed an orc knight
 17329 | D:10     | Learned a level 5 spell: Irradiate
 17365 | D:10     | HP: 1/78 [freezing wraith (3)]
 17366 | D:10     | Mangled by a freezing wraith

Skill      XL: |  1  2  3  4  5  6  7  8  9 10 11 |
---------------+----------------------------------+-----
Spellcasting   | 3 4 5 7 11 | 11.0
Shields        | 1 2 4 |  4.0
Conjurations   | 4 5 8 10 11 | 11.0
Fighting       | 3 4 |  4.3
Evocations     | 2 3 |  3.4
Dodging        | |  1.5
Stealth        | |  1.5

Action                   |  1- 3 |  4- 6 |  7- 9 | 10-12 || total
-------------------------+-------+-------+-------+-------++-------
Melee: Unarmed           |    11 |       |       |       ||    11
       Dagger            |    34 |    36 |    87 |   112 ||   269
       Whip              |       |    12 |    30 |       ||    42
 Cast: Magic Dart        |    36 |    42 |    73 |    31 ||   182
       Searing Ray       |     6 |    23 |    65 |    39 ||   133
       Iskenderun's Myst |       |       |    27 |    58 ||    85
       Dazzling Spray    |       |       |       |     5 ||     5
       Force Lance       |       |       |       |     5 ||     5
       Mephitic Cloud    |       |       |       |     3 ||     3
Evoke: Wand              |       |     3 |     4 |     3 ||    10
  Use: Scroll            |       |       |     5 |     3 ||     8
 Stab: Sleeping          |     3 |       |       |       ||     3
Armor: Robe              |    12 |     6 |    35 |    37 ||    90
Dodge: Dodged            |    24 |    57 |    93 |    89 ||   263
Block: Buckler           |       |       |    67 |    70 ||   137
